[ AOE2 MATCH · #506544879 ]
UnrankedHindustanis vs Maya
Rival team · LOSS
[ REPLAY ANALYSIS · EXTRACTED FROM THE RECORDED GAME ]
Feudal
14:27
Castle
19:12
Imperial
—
| APM avg | 65.8 |
| APM peak | 146 |
| eAPM avg | 33.7 |
| Villagers / military | 54 / 29 |
Focus
⚔️ 28.8% · 🌾 71.2%
Ghulam ×25 · Militia ×3 · Scorpion ×1
Feudal
10:33
Castle
23:02
Imperial
—
| APM avg | 55.5 |
| APM peak | 125 |
| eAPM avg | 28.4 |
| Villagers / military | 70 / 27 |
Focus
⚔️ 40.0% · 🌾 60.0%
Archer ×18 · Eagle Scout ×9
Match map
Initial resources + every placement click. Lines = walls · curves = elevation contours. ◆ gold · ⬟ stone · ● berries · ✦ relic · ◌ wall gap
Your base· Open — 4t gap
Matazombies's base· Open — 4t gap
Smoothed initial terrain · ◌ = detected wall gap · hover for details
Inputs per minute
— Gil-galad - - Matazombies
Build order — Gil-galad
First 150 of 174 actions detected
| 0:00 | Create | Villager (Male) |
| 0:00 | Create | Villager (Male) |
| 0:00 | Create | Villager (Male) |
| 0:01 | Build | House |
| 0:02 | Build | House |
| 0:09 | Create | Villager (Male) |
| 1:07 | Create | Villager (Male) |
| 1:08 | Create | Villager (Male) |
| 1:27 | Create | Villager (Male) |
| 1:28 | Create | Villager (Male) |
| 2:01 | Research | Loom |
| 2:08 | Create | Villager (Male) |
| 2:32 | Create | Villager (Male) |
| 2:36 | Build | Lumber Camp |
| 2:43 | Create | Villager (Male) |
| 2:55 | Create | Villager (Male) |
| 3:29 | Build | House |
| 3:51 | Create | Villager (Male) |
| 3:51 | Create | Villager (Male) |
| 4:05 | Build | House |
| 4:38 | Create | Villager (Male) |
| 4:38 | Create | Villager (Male) |
| 5:11 | Build | Palisade Wall |
| 5:13 | Build | Palisade Wall |
| 5:19 | Build | Palisade Wall |
| 5:20 | Build | Palisade Wall |
| 5:22 | Build | Palisade Wall |
| 5:39 | Create | Villager (Male) |
| 5:39 | Create | Villager (Male) |
| 5:39 | Create | Villager (Male) |
| 5:43 | Create | Villager (Male) |
| 5:43 | Create | Villager (Male) |
| 5:56 | Build | Barracks |
| 5:57 | Create | Villager (Male) |
| 6:34 | Build | Mill |
| 6:47 | Create | Villager (Male) |
| 7:02 | Create | Militia |
| 7:10 | Build | Farm |
| 7:11 | Create | Villager (Male) |
| 7:23 | Build | Palisade Wall |
| 7:24 | Build | Palisade Wall |
| 7:25 | Build | Palisade Wall |
| 7:25 | Build | Palisade Wall |
| 7:25 | Build | Palisade Wall |
| 7:25 | Build | Palisade Wall |
| 7:26 | Build | Palisade Wall |
| 7:31 | Build | Palisade Wall |
| 7:33 | Create | Villager (Male) |
| 7:40 | Create | Militia |
| 7:41 | Create | Militia |
| 8:01 | Build | House |
| 8:02 | Build | Palisade Wall |
| 8:10 | Build | Palisade Wall |
| 8:16 | Build | Palisade Gate |
| 8:19 | Build | Palisade Wall |
| 8:20 | Build | Palisade Wall |
| 8:26 | Create | Villager (Male) |
| 8:44 | Build | Farm |
| 8:48 | Build | Palisade Wall |
| 8:53 | Build | Palisade Wall |
| 9:11 | Create | Villager (Male) |
| 9:17 | Build | House |
| 9:21 | Build | Farm |
| 9:35 | Create | Villager (Male) |
| 10:13 | Create | Villager (Male) |
| 10:18 | Build | Farm |
| 10:20 | Build | Farm |
| 10:25 | Build | Farm |
| 10:34 | Create | Villager (Male) |
| 11:00 | Build | Mining Camp |
| 11:02 | Build | Farm |
| 11:06 | Create | Villager (Male) |
| 11:44 | Create | Villager (Male) |
| 11:48 | Build | Farm |
| 11:50 | Build | Farm |
| 12:07 | Build | Lumber Camp |
| 12:17 | Research | Feudal Age |
| 12:17 | Research | Feudal Age |
| 12:23 | Build | House |
| 13:17 | Build | Palisade Wall |
| 13:21 | Build | Palisade Wall |
| 13:39 | Create | Villager (Male) |
| 13:40 | Create | Villager (Male) |
| 13:49 | Build | House |
| 13:58 | Build | Palisade Wall |
| 14:01 | Build | Farm |
| 14:11 | Build | Palisade Gate |
| 14:27 | Age | Feudal Age |
| 14:31 | Build | Market |
| 14:33 | Build | Blacksmith |
| 14:49 | Build | Farm |
| 14:51 | Build | Farm |
| 15:13 | Create | Villager (Male) |
| 15:25 | Build | Watch Tower |
| 15:37 | Create | Villager (Male) |
| 15:41 | Build | Farm |
| 15:43 | Build | Farm |
| 15:52 | Create | Villager (Male) |
| 16:02 | Build | Farm |
| 16:29 | Research | Castle Age |
| 16:40 | Build | Mining Camp |
| 17:12 | Research | Double-Bit Axe |
| 17:13 | Create | Villager (Male) |
| 17:39 | Research | Stone Mining |
| 17:54 | Research | Scale Mail Armor |
| 18:07 | Build | Palisade Wall |
| 18:08 | Build | Palisade Wall |
| 18:11 | Build | Palisade Wall |
| 18:19 | Build | Palisade Wall |
| 19:12 | Age | Castle Age |
| 19:24 | Research | Gold Mining |
| 19:37 | Build | Castle |
| 19:49 | Research | Forging |
| 19:50 | Create | Villager (Male) |
| 20:20 | Create | Ghulam |
| 20:21 | Create | Villager (Male) |
| 20:32 | Build | Farm |
| 20:34 | Build | Farm |
| 20:44 | Create | Ghulam |
| 20:45 | Create | Villager (Male) |
| 20:52 | Create | Ghulam |
| 20:56 | Create | Villager (Male) |
| 20:58 | Build | Farm |
| 20:59 | Build | Farm |
| 21:06 | Build | Farm |
| 21:10 | Build | Farm |
| 21:11 | Create | Ghulam |
| 21:18 | Create | Villager (Male) |
| 21:37 | Create | Ghulam |
| 21:37 | Create | Ghulam |
| 21:38 | Create | Villager (Male) |
| 22:04 | Create | Villager (Male) |
| 22:04 | Create | Ghulam |
| 22:20 | Create | Ghulam |
| 22:20 | Create | Villager (Male) |
| 22:22 | Create | Ghulam |
| 22:27 | Create | Ghulam |
| 22:44 | Create | Ghulam |
| 22:49 | Create | Villager (Male) |
| 23:00 | Create | Ghulam |
| 23:07 | Build | Siege Workshop |
| 23:13 | Create | Villager (Male) |
| 23:15 | Build | Farm |
| 23:15 | Build | Farm |
| 23:19 | Build | Farm |
| 23:21 | Create | Ghulam |
| 23:24 | Create | Ghulam |
| 23:40 | Create | Ghulam |
| 23:59 | Build | House |
| 24:01 | Create | Scorpion |
Build order — Matazombies
First 150 of 193 actions detected
| 0:00 | Research | Loom |
| 0:01 | Build | House |
| 0:04 | Build | House |
| 0:05 | Create | Villager (Male) |
| 0:06 | Create | Villager (Male) |
| 0:23 | Create | Villager (Male) |
| 1:32 | Create | Villager (Male) |
| 1:32 | Create | Villager (Male) |
| 2:13 | Create | Villager (Male) |
| 2:32 | Build | Palisade Wall |
| 2:34 | Build | Palisade Wall |
| 2:35 | Build | Palisade Wall |
| 2:43 | Create | Villager (Male) |
| 3:13 | Create | Villager (Male) |
| 3:13 | Create | Villager (Male) |
| 3:57 | Create | Villager (Male) |
| 3:58 | Create | Villager (Male) |
| 4:00 | Create | Villager (Male) |
| 4:02 | Build | House |
| 4:12 | Build | Palisade Wall |
| 4:13 | Build | Palisade Wall |
| 4:14 | Build | Palisade Wall |
| 4:20 | Create | Villager (Male) |
| 4:28 | Build | Lumber Camp |
| 4:42 | Build | Palisade Wall |
| 4:52 | Build | Palisade Wall |
| 4:54 | Create | Villager (Male) |
| 4:54 | Create | Villager (Male) |
| 4:56 | Build | Palisade Wall |
| 4:59 | Create | Villager (Male) |
| 5:14 | Create | Villager (Male) |
| 5:15 | Create | Villager (Male) |
| 5:16 | Build | House |
| 5:22 | Build | Palisade Wall |
| 6:02 | Build | Palisade Wall |
| 6:30 | Create | Villager (Male) |
| 6:31 | Create | Villager (Male) |
| 6:31 | Create | Villager (Male) |
| 6:32 | Create | Villager (Male) |
| 6:40 | Create | Villager (Male) |
| 6:41 | Create | Villager (Male) |
| 7:01 | Build | Outpost |
| 7:17 | Create | Villager (Male) |
| 7:17 | Create | Villager (Male) |
| 7:17 | Create | Villager (Male) |
| 7:33 | Build | Mining Camp |
| 8:23 | Research | Feudal Age |
| 8:24 | Research | Feudal Age |
| 8:49 | Create | Villager (Male) |
| 8:55 | Create | Villager (Male) |
| 8:57 | Build | House |
| 9:04 | Create | Villager (Male) |
| 9:12 | Build | Palisade Wall |
| 9:23 | Build | House |
| 9:24 | Build | Palisade Wall |
| 9:37 | Create | Villager (Male) |
| 9:40 | Build | House |
| 9:42 | Create | Villager (Male) |
| 9:45 | Build | House |
| 10:10 | Create | Villager (Male) |
| 10:10 | Create | Villager (Male) |
| 10:16 | Build | Palisade Wall |
| 10:31 | Build | Barracks |
| 10:33 | Age | Feudal Age |
| 10:37 | Create | Villager (Male) |
| 10:41 | Create | Villager (Male) |
| 11:05 | Build | House |
| 11:06 | Build | House |
| 11:09 | Build | House |
| 11:09 | Create | Villager (Male) |
| 11:10 | Create | Villager (Male) |
| 11:14 | Build | Palisade Wall |
| 11:24 | Build | House |
| 11:56 | Build | Archery Range |
| 12:13 | Build | Mill |
| 12:22 | Create | Villager (Male) |
| 12:22 | Create | Villager (Male) |
| 12:51 | Build | Watch Tower |
| 12:52 | Create | Archer |
| 12:52 | Create | Archer |
| 12:52 | Create | Archer |
| 12:55 | Create | Villager (Male) |
| 13:08 | Create | Archer |
| 13:13 | Create | Villager (Male) |
| 13:18 | Create | Villager (Male) |
| 13:34 | Build | Blacksmith |
| 13:44 | Create | Archer |
| 14:04 | Create | Archer |
| 14:06 | Create | Villager (Male) |
| 14:12 | Build | Farm |
| 14:14 | Build | Farm |
| 14:31 | Create | Villager (Male) |
| 14:34 | Build | Farm |
| 14:36 | Build | Farm |
| 14:39 | Build | Farm |
| 14:47 | Build | Stone Wall |
| 14:48 | Build | Stone Wall |
| 14:48 | Build | Stone Wall |
| 14:49 | Build | Stone Wall |
| 14:51 | Build | Stone Wall |
| 14:54 | Create | Archer |
| 15:01 | Create | Archer |
| 15:02 | Create | Archer |
| 15:09 | Create | Villager (Male) |
| 15:10 | Create | Villager (Male) |
| 15:11 | Build | Farm |
| 15:14 | Build | Farm |
| 15:21 | Research | Fletching |
| 15:21 | Research | Fletching |
| 15:21 | Create | Archer |
| 15:29 | Create | Archer |
| 16:13 | Create | Archer |
| 16:16 | Build | House |
| 16:21 | Create | Villager (Male) |
| 16:21 | Create | Villager (Male) |
| 16:24 | Create | Villager (Male) |
| 16:27 | Create | Villager (Male) |
| 16:30 | Build | Farm |
| 16:31 | Build | Farm |
| 16:32 | Build | Farm |
| 16:55 | Create | Archer |
| 16:58 | Create | Villager (Male) |
| 16:59 | Build | House |
| 16:59 | Create | Villager (Male) |
| 17:02 | Build | Farm |
| 17:05 | Create | Villager (Male) |
| 17:15 | Research | Double-Bit Axe |
| 17:16 | Create | Villager (Male) |
| 17:29 | Create | Archer |
| 17:31 | Build | House |
| 17:32 | Create | Villager (Male) |
| 17:48 | Create | Villager (Male) |
| 17:55 | Build | Market |
| 18:14 | Create | Villager (Male) |
| 18:17 | Build | Farm |
| 18:56 | Create | Villager (Male) |
| 19:02 | Create | Archer |
| 19:04 | Build | House |
| 19:05 | Create | Archer |
| 19:41 | Build | Archery Range |
| 19:43 | Create | Archer |
| 19:51 | Build | Barracks |
| 20:22 | Research | Castle Age |
| 20:22 | Research | Castle Age |
| 20:26 | Build | Barracks |
| 20:27 | Create | Villager (Male) |
| 20:31 | Build | Stone Wall |
| 20:36 | Build | Stone Wall |
| 20:38 | Build | Stone Wall |
| 20:39 | Create | Villager (Male) |
Match timeline
| 2:32 | Matazombies · wall_segment Palisade Wall x1 |
| 2:34 | Matazombies · wall_segment Palisade Wall x1 |
| 2:35 | Matazombies · wall_segment Palisade Wall x1 |
| 4:12 | Matazombies · wall_segment Palisade Wall x3 |
| 4:13 | Matazombies · wall_segment Palisade Wall x1 |
| 4:14 | Matazombies · wall_segment Palisade Wall x2 |
| 4:42 | Matazombies · wall_segment Palisade Wall x1 |
| 4:52 | Matazombies · wall_segment Palisade Wall x1 |
| 4:56 | Matazombies · wall_segment Palisade Wall x1 |
| 5:11 | Gil-galad · wall_segment Palisade Wall x1 |
| 5:13 | Gil-galad · wall_segment Palisade Wall x1 |
| 5:19 | Gil-galad · wall_segment Palisade Wall x1 |
| 5:20 | Gil-galad · wall_segment Palisade Wall x1 |
| 5:22 | Gil-galad · wall_segment Palisade Wall x1 |
| 5:22 | Matazombies · wall_segment Palisade Wall x1 |
| 5:56 | Gil-galad · first_building Barracks |
| 6:02 | Matazombies · wall_segment Palisade Wall x1 |
| 7:23 | Gil-galad · wall_segment Palisade Wall x8 |
| 7:24 | Gil-galad · wall_segment Palisade Wall x1 |
| 7:25 | Gil-galad · wall_segment Palisade Wall x1 |
| 7:25 | Gil-galad · wall_segment Palisade Wall x2 |
| 7:25 | Gil-galad · wall_segment Palisade Wall x1 |
| 7:25 | Gil-galad · wall_segment Palisade Wall x1 |
| 7:26 | Gil-galad · wall_segment Palisade Wall x1 |
| 7:31 | Gil-galad · wall_segment Palisade Wall x7 |
| 8:02 | Gil-galad · wall_segment Palisade Wall x4 |
| 8:10 | Gil-galad · wall_segment Palisade Wall x3 |
| 8:19 | Gil-galad · wall_segment Palisade Wall x5 |
| 8:20 | Gil-galad · wall_segment Palisade Wall x3 |
| 8:48 | Gil-galad · wall_segment Palisade Wall x2 |
| 8:53 | Gil-galad · wall_segment Palisade Wall x5 |
| 9:12 | Matazombies · wall_segment Palisade Wall x4 |
| 9:24 | Matazombies · wall_segment Palisade Wall x2 |
| 10:16 | Matazombies · wall_segment Palisade Wall x1 |
| 10:31 | Matazombies · first_building Barracks |
| 10:33 | Matazombies · age_up feudal |
| 11:14 | Matazombies · wall_segment Palisade Wall x1 |
| 11:56 | Matazombies · first_building Archery Range |
| 13:17 | Gil-galad · wall_segment Palisade Wall x4 |
| 13:21 | Gil-galad · wall_segment Palisade Wall x3 |
| 13:58 | Gil-galad · wall_segment Palisade Wall x1 |
| 14:27 | Gil-galad · age_up feudal |
| 14:47 | Matazombies · wall_segment Stone Wall x1 |
| 14:48 | Matazombies · wall_segment Stone Wall x1 |
| 14:48 | Matazombies · wall_segment Stone Wall x1 |
| 14:49 | Matazombies · wall_segment Stone Wall x1 |
| 14:51 | Matazombies · wall_segment Stone Wall x1 |
| 15:48 | Gil-galad · first_market_buy 100 food |
| 18:07 | Gil-galad · wall_segment Palisade Wall x1 |
| 18:08 | Gil-galad · wall_segment Palisade Wall x1 |
| 18:11 | Gil-galad · wall_segment Palisade Wall x1 |
| 18:19 | Gil-galad · wall_segment Palisade Wall x2 |
| 18:51 | Matazombies · first_market_sell 500 wood |
| 18:52 | Matazombies · first_market_buy 100 food |
| 19:12 | Gil-galad · age_up castle |
| 19:15 | Gil-galad · first_market_sell 500 wood |
| 19:37 | Gil-galad · first_building Castle |
| 20:31 | Matazombies · wall_segment Stone Wall x7 |
| 20:36 | Matazombies · wall_segment Stone Wall x13 |
| 20:38 | Matazombies · wall_segment Stone Wall x1 |
| 20:50 | Matazombies · wall_segment Palisade Wall x5 |
| 20:54 | Matazombies · wall_segment Palisade Wall x5 |
| 22:06 | Matazombies · wall_segment Palisade Wall x2 |
| 23:02 | Matazombies · age_up castle |
| 23:07 | Gil-galad · first_building Siege Workshop |
| 23:35 | Matazombies · wall_segment Palisade Wall x1 |
| 26:08 | Matazombies · wall_segment Palisade Wall x1 |
| 26:21 | Matazombies · resign |
[ AI ANALYSIS · 1 CREDIT ]
What really happened in this match?
Wolo.gg analyzes every decision: build order, eco, micro, common mistakes by bracket. Personalized analysis on WhatsApp or Discord in 30 seconds.
Civ guide
Hindustanis
Perfil
Jugador #322559